 Dungeon Crawl Stone Soup version 0.28.0-53-g5a82cb258f (webtiles) character file.

Game seed: 795790278390243049

16280 Nyth the Slicer (level 12, -9/105 HPs)
             Began as a Minotaur Berserker on Aug 12, 2022.
             Was a Believer of Trog.
             Succumbed to Nessos's poison
             ... on level 13 of the Dungeon.
             The game lasted 00:42:04 (14174 turns).

Nyth the Slicer (Minotaur Berserker)               Turns: 14174, Time: 00:42:05

Health: -9/105     AC: 18    Str: 31    XL:     12   Next: 8%
Magic:  11/11      EV: 11    Int:  4    God:    Trog [**....]
Gold:   305        SH:  8    Dex: 15    Spells: 11/11 levels left

rFire   . . .      SeeInvis +   p - +5 short sword of Brutal Revenge {freeze, rElec rCorr Str+3}
rCold   + . .      Faith    .   l - +2 buckler
rNeg    . . .      Spirit   .   u - +4 chain mail {rC+}
rPois   .          Reflect  .   (helmet restricted)
rElec   +          Harm     .   G - +0 cloak
rCorr   +          Rampage  .   (no gloves)
Will    ++...                   a - +0 pair of boots
Stlth   ..........              (no amulet)
HPRegen 1.27/turn               c - ring of see invisible
MPRegen 0.12/turn               H - +6 ring of strength

@: lethally poisoned (-9 -> -54), strong-willed, on berserk cooldown,
regenerating, slowed, very slow
A: horns 2, retaliatory headbutt
a: Renounce Religion, Berserk, Trog's Hand


You were on level 13 of the Dungeon.
You worshipped Trog.
Trog was pleased with you.
You visited 2 branches of the dungeon, and saw 13 of its levels.

You collected 520 gold pieces.
You spent 215 gold pieces at shops.

Inventory:

Hand Weapons
 e - a +0 hand axe
 p - the +5 short sword of Brutal Revenge (weapon) {freeze, rElec rCorr Str+3}
   (You found it on level 5 of the Dungeon)

   It freezes those it strikes, dealing additional cold damage.
   It can also slow down cold-blooded creatures.
   Str:       It affects your strength (+3).
   rElec:     It insulates you from electricity.
   rCorr:     It protects you from acid and corrosion.
 w - a +2 scimitar of venom
 y - a +1 scimitar of flaming
Armour
 a - a +0 pair of boots (worn)
 l - a +2 buckler (worn)
 m - a +0 plate armour
 u - a +4 chain mail of cold resistance (worn)
 G - a +0 cloak (worn)
Magical Staves
 k - a staff of conjuration
Jewellery
 c - a ring of see invisible (left hand)
 H - a +6 ring of strength (right hand)
Wands
 g - a wand of paralysis (7)
 s - a wand of iceblast (16)
 C - a wand of charming (7)
 E - a wand of flame (13)
Scrolls
 b - 2 scrolls of teleportation
 d - a scroll of torment
 f - 9 scrolls of identify
 h - 2 scrolls of immolation
 i - a scroll of blinking
 q - a scroll of noise
Potions
 j - a potion of haste
 n - 2 potions of flight
 o - a potion of lignification
 t - 2 potions of berserk rage
 v - 2 potions of heal wounds
 D - a potion of brilliance


   Skills:
 + Level 9.5 Fighting
 * Level 12.6 Short Blades
 * Level 11.2 Maces & Flails
 + Level 10.3 Armour
 + Level 5.3 Dodging
 - Level 2.2 Stealth
 + Level 6.7 Shields


You had 11 spell levels left.
You didn't know any spells.
Your spell library contained the following spells:

 Spells                   Type           Power      Damage    Failure   Level
 Ensorcelled Hibernation  Hex/Ice        0%         N/A       99%         2
 Static Discharge         Conj/Air       0%         N/A       99%         2
 Gell's Gravitas          Tloc           0%         N/A       100%        3
 Spider Form              Tmut/Pois      0%         N/A       100%        3
 Teleport Other           Tloc           0%         N/A       100%        3
 Anguish                  Hex/Necr       0%         N/A       100%        4
 Summon Ice Beast         Ice/Summ       0%         N/A       100%        4
 Lightning Bolt           Conj/Air       0%         1d11      100%        5
 Summon Mana Viper        Hex/Summ       0%         N/A       100%        5
 Dispersal                Tloc           0%         N/A       100%        6
 Monstrous Menagerie      Summ           0%         N/A       100%        7
 Maxwell's Capacitive Co  Air            0%         ∞         100%        8


Dungeon Overview and Level Annotations

Branches:
Dungeon (14/15)            Temple (1/1) D:4          Vaults (0/5) D:13
   Lair: D:8-11         Orc: D:9-12

Altars:
Ashenzari
Cheibriados
Dithmenos
Elyvilon
Fedhas
Gozag
Kikubaaqudgha
Makhleb
Nemelex Xobeh
Okawaru
Ru
Sif Muna
Trog
Uskayaw
Vehumet
Wu Jian
Xom
Yredelemnul
Zin
The Shining One

Shops:
D:4 *   D:6 [   D:9 ?

Annotations:
D:13 Nessos, Sonja


Innate Abilities, Weirdness & Mutations

You have a pair of horns on your head.
You reflexively headbutt those who attack you in melee.


Message History

You have difficulty breathing.
You feel yourself slow down. Nessos hits you but does no damage.
You block Nessos's attack.
You puncture Nessos! You freeze Nessos.
Nessos is almost dead.
You feel very sick. Nessos hits you but does no damage. Nessos kicks you.
You barely miss Nessos. You headbutt Nessos.
Nessos is almost dead.
You feel very sick.
Nessos mumbles some strange words.
Nessos blinks!
You feel very sick.
Nessos drinks a potion.
Nessos is healed!
Sonja throws a curare-tipped dart.
The curare-tipped dart barely misses you.
Nessos wields a +1 longbow of flaming.
It bursts into flame!
Nessos shoots an arrow.
The arrow hits you! The arrow burns you.
You are more poisoned.
* * * LOW HITPOINT WARNING * * *
Sonja throws a curare-tipped dart.
The curare-tipped dart closely misses you.
You are too berserk!
You feel a strong urge to attack something.
You feel extremely sick.
Nessos shoots an arrow.
The arrow hits you!
* * * LOW HITPOINT WARNING * * *
The arrow burns you.
You are lethally poisoned!
* * * LOW HITPOINT WARNING * * *
Nessos shoots an arrow.
The arrow hits you!
* * * LOW HITPOINT WARNING * * *
The arrow burns you.
You are more poisoned.
* * * LOW HITPOINT WARNING * * *
Sonja gestures wildly while chanting.
Sonja blinks!
Found 22 gold pieces and a ring mail.
You are no longer berserk.
You are exhausted.
You feel as though you will be slow longer.
You die...

########## #.........
#######..#######
#.....#..#.....# ####
#..#.##..##.#..#
....[####.#.#.#..#.#.#^#
....$...#..##.#..#.##..#
#@#.#..........#.#
#.#####.#..#.#####
#§K..........÷....
#.................
#.#####c#..#.##### ###
#......)([.#.#
..##.#.)#)##..#
#.#..#.#.#.#
.##..##)#..#


You could see Sonja.

Vanquished Creatures
  Harold (D:8)
  A boulder beetle (D:13)
  2 two-headed ogres
  Erica (D:9)
  An ogre mage (D:13)
  A deep elf archer (D:13)
  An orc knight (D:13)
  Pikel (D:7)
  3 deep elf zephyrmancers (D:13)
  A manticore (D:13)
  An ugly thing (D:8)
  Joseph (D:7)
  Maurice (D:8)
  An unseen horror (D:6)
  A kobold demonologist (D:13)
  6 meliai
  Grinder (D:6)
  A hornet (D:8)
  2 wyverns
  3 steam dragons
  4 vampire mosquitoes (D:10)
  Duvessa (D:7)
  2 water moccasins (D:9)
  2 orc warriors
  3 ice beasts
  3 black bears
  4 ogres
  A lemure (D:7)
  2 centaurs
  A phantom (D:7)
  4 kobold brigands
  2 scorpions (D:4)
  A wyvern zombie (D:7)
  A gnoll sergeant (D:8)
  Dowan (D:7)
  12 killer bees
  14 wights
  3 howler monkeys
  A bullfrog zombie (D:6)
  5 centaur zombies
  A gnoll shaman (D:6)
  6 jellies
  2 centaur skeletons
  7 orc priests
  Jessica (D:2)
  Terence (D:3)
  A scorpion zombie (D:5)
  An iguana (D:5)
  11 orc wizards
  2 hound zombies (D:5)
  A hound skeleton (D:5)
  A mummy (D:7)
  A howler monkey zombie (D:8)
  16 gnolls
  5 adders
  A white imp (D:7)
  8 worms
  5 dart slugs
  25 orcs
  8 ball pythons
  2 bats
  18 endoplasms
  3 giant cockroaches
  7 goblins
  3 hobgoblins
  3 jackals (D:1)
  7 quokkas
  A frilled lizard (D:3)
  18 kobolds
  6 rats
270 creatures vanquished.

Vanquished Creatures (others)
  A gnoll shaman (D:7)
  2 fungi (D:2)
  9 toadstools (D:2)
12 creatures vanquished.

Grand Total: 282 creatures vanquished

Notes
Turn   | Place    | Note
-------+----------+-------------------------------------------
     0 | D:1      | Nyth the Minotaur Berserker began the quest for the Orb.
     0 | D:1      | Reached XP level 1. HP: 19/19 MP: 0/0
   154 | D:1      | Reached XP level 2. HP: 15/27 MP: 1/1
  1011 | D:2      | Reached XP level 3. HP: 26/33 MP: 2/2
  1122 | D:2      | Noticed Jessica
  1128 | D:2      | Killed Jessica
  1208 | D:2      | Reached ** piety under Trog
  1212 | D:2      | Reached XP level 4. HP: 32/41 MP: 3/3
  1322 | D:2      | Reached skill level 5 in Maces & Flails
  1893 | D:2      | Reached XP level 5. HP: 31/47 MP: 4/4
  1951 | D:2      | Reached skill level 1 in Stealth
  2556 | D:3      | Found a white marble altar of Elyvilon.
  2882 | D:3      | Noticed Terence
  2889 | D:3      | Killed Terence
  3035 | D:3      | Noticed an ice beast
  3042 | D:3      | Reached skill level 5 in Fighting
  3042 | D:3      | Reached XP level 6. HP: 56/56 MP: 5/5
  3043 | D:3      | Killed an ice beast
  3064 | D:3      | Found an ancient bone altar of Kikubaaqudgha.
  3064 | D:3      | Found an ornate altar of the Wu Jian Council.
  4579 | D:4      | Found a staircase to the Ecumenical Temple.
  4591 | Temple   | Entered the Ecumenical Temple
  4916 | D:4      | Reached XP level 7. HP: 41/61 MP: 6/6
  5265 | D:4      | Reached skill level 1 in Shields
  5368 | D:4      | Found Egiptyer's Fire Supplies.
  6138 | D:5      | Entered Level 5 of the Dungeon
  6141 | D:5      | Identified the +5 short sword of Brutal Revenge {freeze,
                  | rElec rCorr Str+3}
  6299 | D:5      | Found a blossoming altar of Fedhas.
  6604 | D:5      | Found a burning altar of Makhleb.
  6678 | D:5      | Reached skill level 1 in Short Blades
  6678 | D:5      | Reached XP level 8. HP: 33/70 MP: 7/7
  7165 | D:5      | Reached skill level 2 in Short Blades
  7165 | D:5      | Reached skill level 5 in Armour
  7398 | D:6      | Noticed Grinder
  7410 | D:6      | Killed Grinder
  7411 | D:6      | Reached skill level 3 in Short Blades
  7581 | D:6      | Found Dojannal's Armour Boutique.
  7662 | D:6      | Bought a +2 chain mail of cold resistance for 215 gold
                  | pieces
  7787 | D:6      | Reached skill level 4 in Short Blades
  8040 | D:6      | Reached skill level 5 in Short Blades
  8109 | D:6      | Reached XP level 9. HP: 75/78 MP: 8/8
  8151 | D:6      | Noticed an unseen horror
  8166 | D:6      | Killed an unseen horror
  8167 | D:6      | Reached skill level 6 in Short Blades
  8332 | D:7      | Reached skill level 7 in Short Blades
  8581 | D:7      | Noticed Pikel
  8600 | D:7      | Killed Pikel
  8601 | D:7      | Reached skill level 8 in Short Blades
  8653 | D:7      | Noticed Duvessa
  8657 | D:7      | Noticed Dowan
  8659 | D:7      | Noticed Joseph
  8678 | D:7      | Killed Duvessa
  8681 | D:7      | Killed Dowan
  8686 | D:7      | Killed Joseph
  8687 | D:7      | Reached XP level 10. HP: 58/86 MP: 9/9
  9402 | D:7      | Found a snail-covered altar of Cheibriados.
  9443 | D:7      | Found a basalt altar of Yredelemnul.
  9449 | D:7      | Found a radiant altar of Vehumet.
  9823 | D:8      | Reached skill level 9 in Short Blades
 10092 | D:8      | Noticed Harold
 10107 | D:8      | Killed Harold
 10269 | D:8      | Found a glowing golden altar of the Shining One.
 10308 | D:8      | Noticed Maurice
 10326 | D:8      | Killed Maurice
 10389 | D:8      | Noticed a two-headed ogre
 10399 | D:8      | Killed a two-headed ogre
 10400 | D:8      | Reached skill level 10 in Short Blades
 10643 | D:8      | Found an opulent altar of Gozag.
 10694 | D:8      | Noticed a brown ugly thing
 10719 | D:8      | Killed a brown ugly thing
 10816 | D:8      | Paralysed by a hornet for 2 turns
 11145 | D:9      | Reached skill level 10 in Maces & Flails
 11244 | D:9      | Noticed Erica
 11258 | D:9      | Killed Erica
 11259 | D:9      | Reached skill level 11 in Short Blades
 11259 | D:9      | Reached XP level 11. HP: 95/95 MP: 10/10
 11484 | D:9      | Found Gadwu's Magic Scroll Shop.
 11606 | D:9      | Found a sacrificial altar of Ru.
 12160 | D:9      | Found a bloodstained altar of Trog.
 12266 | D:9      | Reached skill level 5 in Shields
 12497 | D:10     | Entered Level 10 of the Dungeon
 12714 | D:10     | You fall into a shaft and drop 3 floors!
 12725 | D:13     | Noticed a boulder beetle
 12738 | D:13     | Killed a boulder beetle
 12754 | D:13     | Reached skill level 12 in Short Blades
 13422 | D:13     | Noticed a two-headed ogre
 13427 | D:13     | Noticed a deep elf zephyrmancer
 13427 | D:13     | Noticed a deep elf zephyrmancer
 13429 | D:13     | Noticed an ogre mage
 13435 | D:13     | Killed an ogre mage
 13436 | D:13     | Reached skill level 5 in Dodging
 13446 | D:13     | Killed a deep elf zephyrmancer
 13448 | D:13     | Noticed a deep elf zephyrmancer
 13449 | D:13     | Killed a deep elf zephyrmancer
 13454 | D:13     | Killed a two-headed ogre
 13454 | D:13     | Noticed an orc knight
 13455 | D:13     | Reached skill level 10 in Armour
 13465 | D:13     | Killed a deep elf zephyrmancer
 13755 | D:13     | Reached XP level 12. HP: 105/105 MP: 11/11
 14089 | D:13     | Found a gate to the Vaults.
 14157 | D:13     | Noticed Nessos
 14165 | D:13     | Noticed Sonja
 14173 | D:13     | HP: 5/157 [Nessos/arrow (3)]
 14174 | D:13     | Succumbed to Nessos's poison

Illustrated notes

Levels and vault maps discovered:
D:1:      ebering_trefoil_3fold, layout_basic, kennysheep_minor_cross
D:2:      cheibrodos_fertilizer, layout_basic, uniq_jessica
D:3:      layout_basic, elyvilon_altar_3, gammafunk_temple_overflow_wave,
          chequers_serial_rivers_micro_a, kennysheep_generic_room_5,
          uniq_terence
D:4:      layout_loops_corners, lemuel_temple_firewalk_b,
          minmay_misc_feat_cross, nicolae_shop_fire_sale
          [nicolae_sub_dead_trees]
D:5:      cheibrodos_quashed, layout_gridville, old_standard_altar,
          fedhas_altar_2, gup_sewer_entry_pipe
D:6:      layout_basic, serial_shops, nicolae_shop_waterfront,
          nicolae_water_bricks, uniq_grinder
D:7:      layout_cave_pools, slow_altar_2, mainiacjoe_overflow_big_doors,
          uniq_joseph, uniq_duvessa, uniq_pikel
D:8:      layout_basic, kennysheep_mini_moat, general_overflow_altar,
          serial_aquarium, aquarium_bridge_straight [aquarium_subvault_bridge,
          aquarium_subvault_balcony, aquarium_subvault_bridge,
          aquarium_subvault_wall], aquarium_bridge_island_small
          [aquarium_subvault_small_open, aquarium_subvault_window,
          aquarium_subvault_wall, aquarium_subvault_bridge,
          aquarium_subvault_window], aquarium_window_2, aquarium_window_fake,
          aquarium_view_2e, aquarium_view_2c, aquarium_pool_split, uniq_maurice,
          uniq_harold
D:9:      layout_irregular_city, overflow_temple_1_default, tgw_trog,
          serial_shops, nicolae_diamond_shop, uniq_erica
D:10:     layout_cave_pools, beargit_hepliaklqana_dungeon_heroes,
          kennysheep_pointless_box
D:13:     layout_roguey, hangedman_vaults_entry_quadrant_bands, uniq_snorg,
          uniq_urug, uniq_sonja, uniq_nessos
D:14:     layout_roguey, kennysheep_boxes, serial_glass, glass_columns_b,
          glass_columns_b, glass_columns_a, glass_columns_a, special_room
          [special_room_bee], uniq_rupert
Temple:   compressed_dpeg_triangle_lava_temple

Skill      XL: |  1  2  3  4  5  6  7  8  9 10 11 |
---------------+----------------------------------+-----
Maces & Flails | 4 5 6 7 8 9 10 11 | 11.2
Fighting       | 4 5 6 7 8 9 |  9.5
Dodging        | 3 4 5 |  5.3
Stealth        | 1 2 |  2.2
Armour         | 3 4 6 7 8 10 | 10.3
Shields        | 1 2 3 4 6 |  6.7
Short Blades   | 1 5 8 11 12 | 12.6

Action                   |  1- 3 |  4- 6 |  7- 9 | 10-12 || total
-------------------------+-------+-------+-------+-------++-------
Melee: Mace              |    47 |   106 |    45 |       ||   198
       Headbutt          |     4 |    21 |    44 |    82 ||   151
       Punch             |       |     2 |       |       ||     2
       Short sword       |       |       |   223 |   384 ||   607
Invok: Berserk           |     1 |     7 |     4 |    11 ||    23
       Trog's Hand       |       |     3 |    13 |    14 ||    30
  Use: Scroll            |       |     9 |     7 |     8 ||    24
       Potion            |       |       |       |     4 ||     4
 Stab: Sleeping          |     1 |       |       |       ||     1
Armor: Animal skin       |     5 |     5 |       |       ||    10
       Chain mail        |       |    12 |   141 |   153 ||   306
Dodge: Dodged            |    34 |    50 |   132 |   127 ||   343
Block: Buckler           |       |    13 |   102 |   124 ||   239
